 Dungeon Crawl Stone Soup version 0.31-a0-188-g5e087ee2ca (webtiles) character file.

Game seed: 18057332329331171232

2996 Gorgondantess the Zephyrmancer (level 9, -5/45 HPs)
             Began as a Tengu Air Elementalist on June 24, 2023.
             Was an Initiate of Hepliaklqana.
             Slain by a gnoll sergeant
             ... wielding a +4 halberd
              (10 damage)
             ... in a bailey.
             The game lasted 00:26:18 (12180 turns).

Gorgondantess the Zephyrmancer (TeAE)              Turns: 12180, Time: 00:26:18

Health: -5/45      AC:  5    Str: 15    XL:     9   Next: 84%
Magic:  5/19       EV: 14    Int: 20    God:    Hepliaklqana [......]
Gold:   463        SH:  5    Dex: 14    Spells: 8/20 levels left

rFire   . . .        v - +4 quarterstaff (chaos)
rCold   + . .        (shield currently unavailable)
rNeg    . . .        x - +0 leather armour {rC+}
rPois   +            (helmet restricted)
rElec   .            w - +0 cloak {rPois}
rCorr   .            K - +0 pair of gloves
SInv    .            (boots unavailable)
Will    .....        d - amulet of reflection
Stlth   ++           O - +6 ring of strength
HPRegen 0.27/turn    (no ring)
MPRegen 0.16/turn

%: reflection
@: flying quickly and evasively, quick
A: beak, talons 3, nimble flight
a: Renounce Religion


You were in a bailey.
You worshipped Hepliaklqana.
Hepliaklqana was noncommittal.
You visited 2 branches of the dungeon, and saw 8 of its levels.
You also visited: Sewer and Bailey.

You collected 463 gold pieces.

Inventory:

Hand Weapons
 c - a +0 dagger
 l - a +0 short sword
 o - a +0 quarterstaff
 r - a +0 trident
 t - a +1 morningstar of draining
 v - a +4 quarterstaff of chaos (weapon)
 B - a +2 dire flail of protection
Missiles
 p - 9 poisoned darts
 A - 2 curare-tipped darts
 M - 6 silver javelins
Armour
 a - a +0 robe
 k - an orb of light
 w - a +0 cloak of poison resistance (worn)
 x - a +0 leather armour of cold resistance (worn)
 K - a +0 pair of gloves (worn)
Jewellery
 d - an amulet of reflection (around neck)
 I - an amulet of the acrobat
 J - a ring of ice
 O - a +6 ring of strength (left hand)
Wands
 L - a wand of flame (6)
Scrolls
 h - a scroll of torment {unknown}
 i - 2 scrolls of blinking {unknown}
 j - a scroll of revelation {unknown}
 n - 2 scrolls of noise
 s - a scroll of teleportation
 u - 2 scrolls of vulnerability
 y - 3 scrolls of enchant weapon
 C - a scroll of immolation {unknown}
 G - 2 scrolls of fear {unknown}
Potions
 b - a potion of magic
 e - a potion of curing
 f - a potion of attraction
 g - a potion of ambrosia
 m - a potion of cancellation
 q - 2 potions of lignification
 z - 2 potions of invisibility {unknown}
 D - a potion of experience {unknown}
 E - a potion of heal wounds
 F - a potion of haste {unknown}
 H - a potion of berserk rage {unknown}
 N - a potion of might {unknown}


   Skills:
 - Level 2.1 Dodging
 - Level 2.0 Stealth
 + Level 6.0 Spellcasting
 + Level 8.3 Conjurations
 - Level 3.3 Translocations
 * Level 12.3 Air Magic


You had 8 spell levels left.
You knew the following spells:

 Your Spells              Type           Power      Damage    Failure   Level
a - Shock                 Conj/Air       100%       1d9       1%          1
b - Static Discharge      Conj/Air       94%        2-6/arc   1%          2
c - Airstrike             Air            26%        2d(4-20)  1%          4
d - Blink                 Tloc           38%        N/A       4%          2
e - Swiftness             Air            53%        N/A       1%          3

Your spell library contained the following spells:

 Spells                   Type           Power      Damage    Failure   Level
 Momentum Strike          Conj/Tloc      58%        3d9       1%          2
 Lesser Beckoning         Tloc           38%        N/A       4%          2
 Gell's Gravitas          Tloc           19%        N/A       10%         3
 Teleport Other           Tloc           19%        N/A       10%         3
 Manifold Assault         Tloc           19%        N/A       32%         4
 Dispersal                Tloc           9%         N/A       99%         6
 Storm Form               Tmut/Air       15%        N/A       100%        7


Dungeon Overview and Level Annotations

Branches:
Dungeon (7/15)             Temple (1/1) D:6           Sewer (visited)
 Bailey (1/1)

Altars:
Ashenzari
Cheibriados
Dithmenos
Elyvilon
Fedhas
Gozag
Hepliaklqana
Kikubaaqudgha
Makhleb
Nemelex Xobeh
Okawaru
Qazlal
Ru
Trog
Uskayaw
Vehumet
Wu Jian
Xom
Yredelemnul
Zin
The Shining One

Annotations:
D:4 3 runed translucent doors, frimble's ghost, amateur OpWr


Innate Abilities, Weirdness & Mutations

You have a beak for a mouth.
You have claws for feet.
Your magical nature lets you fly swiftly and evasively.


Message History

The air twists around and strikes the gnoll sergeant!
The gnoll sergeant is severely wounded.
The gnoll sergeant shouts!
Casting: Airstrike (dangerous; 1% risk of failure)
Confirm with . or Enter, or press ? or * to list all spells.
Aiming: Airstrike (dangerous; 1% risk of failure)
Press: ? - help, Dir - move target, f/p - gnoll sergeant
Aim: a gnoll sergeant, wielding a +4 halberd and wearing a +0 chain mail (severely wounded, empty space bonus: 6/8)
The air twists around and strikes the gnoll sergeant.
The gnoll sergeant is almost dead.
The gnoll bouda gazes fiercely through you!
You feel your attacks grow feeble.
Casting: Airstrike (dangerous; 1% risk of failure)
Confirm with . or Enter, or press ? or * to list all spells.
You don't know that spell.
Okay, then.
Casting: Airstrike (dangerous; 1% risk of failure)
Confirm with . or Enter, or press ? or * to list all spells.
Aiming: Airstrike (dangerous; 1% risk of failure)
Press: ? - help, Dir - move target, f/p - gnoll sergeant
Aim: a gnoll sergeant, wielding a +4 halberd and wearing a +0 chain mail (almost dead, empty space bonus: 4/8)
The air twists around and strikes the gnoll sergeant but does no damage.
The gnoll shouts!
Unknown command.
Things that are here:
a +0 trident; a +0 scale mail Your attacks no longer feel as feeble.
The gnoll bouda gazes fiercely through you!
You feel your attacks grow feeble.
The gnoll bouda barks out a call to the hunt!
The gnoll sergeants pick up the pace!
The gnoll sergeant hits you from afar with a +4 halberd!!
The gnoll sergeant misses you.
The gnoll sergeant hits you from afar with a +4 halberd!!
* * * LOW HITPOINT WARNING * * *
The gnoll sergeant closely misses you.
Your attacks no longer feel as feeble.
The gnoll sergeant hits you but does no damage.
The gnoll sergeant hits you from afar with a +4 halberd!
You die...

♣≈# ... ♣≈# .)...
♣≈# ....g.. ♣≈#
#.)$8)..# ..
♣≈#...#.....(.#.).
♣≈#...##.....##...
♣≈#.... ... ....
♣≈#8....##'##....8
♣@# ...#...#.....
♣≈## .'...'....#
♣≈g## #...# ##
♣≈gg#####)..#####.
♣≈.g..g...........
♣≈≈...))..........
♣♣≈≈≈≈≈≈≈≈≈≈≈≈≈≈≈≈
♣♣♣♣♣♣♣♣♣♣♣♣♣♣♣♣♣


You could see 3 gnoll sergeants and a gnoll (swift).

Vanquished Creatures
  Edmund (D:4)
  A water moccasin (D:4)
  2 ice beasts
  An orc warrior (D:7)
  2 black bears
  An ogre (D:4)
  A centaur (D:7)
  A bullfrog (D:5)
  4 phantoms
  2 kobold brigands
  2 gnoll sergeants
  A necrophage (D:6)
  3 scorpions
  Crazy Yiuf (D:3)
  3 gnoll boudas (Bailey)
  3 hounds
  2 orc priests
  4 jellies
  8 iguanas
  Terence (D:3)
  3 sleepcaps
  3 orc wizards
  A hound skeleton (D:6)
  17 gnolls
  16 adders
  2 river rats (Sewer)
  A white imp (D:5)
  2 ufetubi (D:5)
  2 worms (D:2)
  A dart slug (D:2)
  29 orcs
  12 ball pythons
  9 endoplasms
  7 giant cockroaches
  7 goblins
  2 hobgoblins (D:2)
  22 jackals
  7 kobolds
  6 quokkas
  4 bats
  6 frilled lizards
  11 rats
214 creatures vanquished.

Vanquished Creatures (others)
  An orc (D:5)
1 creature vanquished.

Grand Total: 215 creatures vanquished

Notes
Turn   | Place    | Note
-------+----------+-------------------------------------------
     0 | D:1      | Gorgondantess the Tengu Air Elementalist began the quest
                  | for the Orb.
     0 | D:1      | Reached XP level 1. HP: 10/10 MP: 4/4
   227 | D:1      | Found a faded altar of an unknown god.
   245 | D:1      | Reached XP level 2. HP: 15/15 MP: 1/6
   901 | D:1      | Reached XP level 3. HP: 19/19 MP: 4/7
  1221 | D:1      | Learned a level 2 spell: Static Discharge
  1811 | D:2      | Reached skill level 5 in Air Magic
  2468 | D:2      | Reached XP level 4. HP: 24/24 MP: 5/8
  3170 | D:3      | Noticed a scorpion
  3190 | D:3      | Killed a scorpion
  3191 | D:3      | Reached skill level 6 in Air Magic
  3191 | D:3      | Gained mutation: Your magical nature lets you fly swiftly
                  | and evasively. [Tengu growth]
  3191 | D:3      | Reached XP level 5. HP: 12/28 MP: 2/10
  3635 | D:3      | Noticed Terence
  3645 | D:3      | Killed Terence
  3646 | D:3      | Reached XP level 6. HP: 21/32 MP: 0/11
  3752 | D:3      | Found a runed translucent door.
  3753 | D:3      | Noticed Crazy Yiuf
  4111 | D:3      | Killed Crazy Yiuf
  4112 | D:3      | Reached skill level 7 in Air Magic
  4513 | D:4      | Learned a level 4 spell: Airstrike
  4516 | D:4      | Learned a level 2 spell: Blink
  4557 | D:4      | Found a sparkling altar of Nemelex Xobeh.
  4763 | D:4      | Reached XP level 7. HP: 36/36 MP: 0/13
  4874 | D:4      | Found a runed translucent gate.
  4874 | D:4      | Found a runed translucent gate.
  4874 | D:4      | Found a runed translucent gate.
  4875 | D:4      | Found an opulent altar of Gozag.
  4876 | D:4      | Noticed frimble's ghost (amateur OpWr)
  4886 | D:4      | Noticed Edmund
  5056 | D:4      | Reached skill level 1 in Translocations
  5266 | D:4      | Found a stormy altar of Qazlal.
  5267 | D:4      | Found a shadowy altar of Dithmenos.
  5380 | D:4      | Found a shadowy altar of Dithmenos.
  5381 | D:4      | Found a stormy altar of Qazlal.
  5471 | D:4      | Found a sparkling altar of Nemelex Xobeh.
  5586 | D:4      | Killed Edmund
  5587 | D:4      | Reached skill level 8 in Air Magic
  5879 | D:5      | Entered Level 5 of the Dungeon
  5885 | D:5      | Found an ancient bone altar of Kikubaaqudgha.
  5890 | D:5      | Reached skill level 5 in Conjurations
  6312 | D:5      | Reached XP level 8. HP: 30/41 MP: 15/15
  6419 | D:4      | Reached skill level 9 in Air Magic
  7574 | D:5      | Reached skill level 10 in Air Magic
  7712 | D:5      | Reached skill level 5 in Spellcasting
  7712 | D:5      | Reached XP level 9. HP: 26/45 MP: 0/17
  8121 | D:6      | Found a basalt altar of Yredelemnul.
  8126 | D:6      | Found a glowing golden altar of the Shining One.
  8172 | D:6      | Found a burning altar of Makhleb.
  8282 | D:6      | Found a glowing drain.
  8305 | Sewer    | Entered a sewer
  9263 | D:6      | Found a staircase to the Ecumenical Temple.
  9274 | Temple   | Entered the Ecumenical Temple
  9332 | Temple   | Became a worshipper of Hepliaklqana the Forgotten
  9543 | D:6      | Reached skill level 11 in Air Magic
 10461 | D:6      | Noticed an angel
 10610 | D:6      | Found a staircase to the Ecumenical Temple.
 10668 | D:6      | Found a basalt altar of Yredelemnul.
 10889 | D:6      | Found a burning altar of Makhleb.
 10964 | D:6      | Found a glowing golden altar of the Shining One.
 11436 | D:7      | Found an iron altar of Okawaru.
 11543 | D:7      | Found a flagged portal.
 11682 | D:7      | Learned a level 3 spell: Swiftness
 11689 | Bailey   | Entered a bailey
 11695 | Bailey   | Reached skill level 12 in Air Magic
 12180 | Bailey   | Slain by a gnoll sergeant

Illustrated notes

Levels and vault maps discovered:
D:1:      minmay_arrival_solitary_statue, layout_basic,
          ebering_ecumenical_altar_sacrificial, grunt_decor_fettered,
          grunt_decor_resistance
D:2:      layout_loops_ring
D:3:      layout_basic, uniq_terence, uniq_crazy_yiuf_cottage
D:4:      layout_basic, nemelex_spade_bored_becter, nicolae_overflow_squiral,
          ebering_ghost_gozag, uniq_edmund
D:5:      minmay_chambers_of_threes, layout_loops_ring,
          nicolae_kikubaaqudgha_miasma_corner, grunt_ministairs_1,
          amcnicky_mini_corridor_feature
D:6:      layout_loops_ring, grunt_temple_overflow_holy_war,
          makhleb_blood_cavern_becter, temple_fountains, gup_sewer_entry_pipe,
          minmay_fractal_squares_5
D:7:      layout_basic, okawaru_gym_becter, enter_bailey_4, uniq_maggie
Temple:   nicolae_temple_figure_eight
Bailey:   bailey_polearm_gnolls_kennysheep, bailey

Skill      XL: |  1  2  3  4  5  6  7  8  9 |
---------------+----------------------------+-----
Conjurations   | 2 3 4 5 6 8 |  8.3
Air Magic      | 5 6 7 8 10 12 | 12.3
Spellcasting   | 3 4 5 6 |  6.0
Translocations | 1 3 |  3.3
Dodging        | |  2.1
Stealth        | |  2.0

Action                     |  1- 3 |  4- 6 |  7- 9 || total
---------------------------+-------+-------+-------++-------
  Melee: Unarmed           |     2 |       |       ||     2
         Kick              |     4 |    14 |    35 ||    53
         Dagger            |    14 |     8 |       ||    22
         Peck              |     2 |     4 |    19 ||    25
         Trident           |       |     2 |       ||     2
         Quarterstaff      |       |    18 |   115 ||   133
         Morningstar       |       |     4 |       ||     4
   Cast: Shock             |    89 |    70 |    21 ||   180
         Static Discharge  |       |     8 |    29 ||    37
         Airstrike         |       |     4 |    98 ||   102
    Use: Scroll            |       |       |     9 ||     9
         Potion            |       |       |     1 ||     1
   Stab: Sleeping          |       |       |     2 ||     2
 Armour: Robe              |     5 |     5 |       ||    10
         Leather armour    |       |     2 |    27 ||    29
  Dodge: Dodged            |    16 |    20 |    86 ||   122
  Block: Other             |     1 |     4 |    36 ||    41
         Orb               |       |     6 |       ||     6
         Reflection        |       |       |     3 ||     3

Table legend: (Time is in decaauts)
 A = Elapsed time spent in this place.
 B = Non-inter-level travel time spent in this place.
 C = Inter-level travel time spent in this place.
 D = Time resting spent in this place.
 E = Time spent auto-exploring this place.
 F = Levels seen in this place.
 G = Mean time per level.
                   A        B        C        D        E       F      G
               +--------+--------+--------+--------+--------+-----+--------+
         Total |  11672 |  11166 |    506 |    987 |   8101 |  10 | 1167.2 |
       Dungeon |  10194 |   9710 |    484 |    652 |   7299 |   7 | 1456.3 |
        Temple |    215 |    194 |     21 |      0 |    187 |   1 |  215.0 |
         Sewer |    786 |    786 |      0 |     24 |    614 |   1 |  786.0 |
        Bailey |    475 |    475 |      0 |    311 |      0 |   1 |  475.0 |
               +--------+--------+--------+--------+--------+-----+--------+

Top non-repeatable levels by time:
     D:6: 1969 daAuts
     D:5: 1962 daAuts
     D:1: 1742 daAuts
     D:4: 1555 daAuts
     D:3: 1483 daAuts
     D:2: 1115 daAuts
   Sewer: 786 daAuts
  Bailey: 475 daAuts
     D:7: 365 daAuts
  Temple: 215 daAuts
